 Dungeon Crawl Stone Soup version 0.28.0-45-g0d030f2227 (webtiles) character file.

Game seed: 4697670761764523547

48 psko the Sneak (level 3, -1/16 HPs)
             Began as a Spriggan Conjurer on Apr 9, 2022.
             Was an Initiate of Qazlal.
             Slain by a gnoll
             ... wielding a +0 spear
              (2 damage)
             ... on level 4 of the Dungeon.
             The game lasted 00:11:15 (4397 turns).

psko the Sneak (Spriggan Conjurer)                  Turns: 4397, Time: 00:11:16

Health: -1/16      AC:  2    Str:  5    XL:     3   Next: 50%
Magic:  8/8        EV: 17    Int: 19    God:    Qazlal [......]
Gold:   93         SH:  0    Dex: 13    Spells: 6/7 levels left

rFire   . . .      SeeInvis +   c - +0 hand axe
rCold   . . .      Faith    +   (no shield)
rNeg    . . .      Spirit   .   a - +0 robe
rPois   .          Reflect  .   (helmet restricted)
rElec   .          Harm     .   (no cloak)
rCorr   .          Rampage  .   (gloves unavailable)
Will    .....                   (boots unavailable)
Stlth   ++........              d - amulet of faith
HPRegen 0.05/turn               (no ring)
MPRegen 0.11/turn               (no ring)

@: very quick
A: very small, no large weapons, unfitting armour, see invisible, speed 3
a: Renounce Religion


You were on level 4 of the Dungeon.
You worshipped Qazlal.
Qazlal was noncommittal.
You visited 1 branch of the dungeon, and saw 4 of its levels.

You collected 93 gold pieces.

Inventory:

Hand Weapons
 c - a +0 hand axe (weapon)
Armour
 a - a +0 robe (worn)
Jewellery
 d - an amulet of faith (around neck)
Scrolls
 b - a scroll of noise
 e - 3 scrolls of teleportation
 g - a scroll of magic mapping
 h - a scroll of identify
Potions
 f - 4 potions of lignification
 i - a potion of ambrosia {unknown}
 j - a potion of attraction {unknown}


   Skills:
 + Level 0.1 Fighting
 + Level 1.0 Axes
 + Level 3.2 Dodging
 + Level 3.9 Stealth
 - Level 2.9 Spellcasting
 - Level 3.2 Conjurations


You had 6 spell levels left.
You knew the following spells:

 Your Spells              Type           Power      Damage    Failure   Level
a - Magic Dart            Conj           60%        1d6       4%          1

Your spell library contained the following spells:

 Spells                   Type           Power      Damage    Failure   Level
 Searing Ray              Conj           30%        2d5       6%          2
 Sting                    Tmut/Pois      8%         1d3       16%         1
 Poisonous Vapours        Pois/Air       4%         N/A       24%         2
 Dazzling Flash           Conj/Hex       18%        N/A       24%         3
 Fulminant Prism          Conj/Hex       4%         3d6       61%         4
 Iskenderun's Mystic Bla  Conj/Tloc      9%         2d4       61%         4
 Olgreb's Toxic Radiance  Pois           2%         N/A       83%         4


Dungeon Overview and Level Annotations

Branches:
Dungeon (3/15)

Altars:
Qazlal
Trog
Beogh


Innate Abilities, Weirdness & Mutations

You are very small and have problems with some larger weapons.
You are too small for most types of armour.
You have supernaturally acute eyesight. (SInv)
You cover ground extremely quickly. (Speed+++)


Message History

There is an open door here.
Found a scroll of teleportation and a robe.
e - 3 scrolls of teleportation (gained 1)
h - 2 scrolls of identify
As you read the scroll of identify, it crumbles to dust.
g - a scroll of magic mapping You see here a +0 robe.
Done exploring.
There is a stone staircase leading down here.
You climb downwards.
There is a stone staircase leading up here.
You open the door.
There is an open door here.
You enter the shallow water.
Moving in this stuff is going to be slow.
i - a smoky emerald potion
j - a green potion You enter the shallow water.
Moving in this stuff is going to be slow.
There is an open door here.
A sourceless malevolence fills the Dungeon...
You fall into a shaft and drop 1 floor!
The shaft crumbles and collapses.
An endoplasm, a ball python, 4 gnolls and an iguana come into view.
The gnoll shouts!
The gnoll shaman shouts!
You hear a shout!
The gnoll shouts!
The ball python hisses angrily.
The gnoll shouts!
Found a scroll labelled ZAKUMU WOUPTUO and a scroll labelled MAINIM TOLLA.
Found a stone staircase leading up and a stone staircase leading down.
The endoplasm quivers.
An endoplasm comes into view.
The gnoll hits you from afar with a +0 spear!
The gnoll shaman misses you.
The endoplasm moves out of view.
The gnoll hits you from afar with a +0 spear.
The gnoll shaman misses you.
An ogre comes into view. It is wielding a +0 giant club.
The gnoll shaman hits you with a +0 whip.
* * * LOW HITPOINT WARNING * * *
The gnoll barely misses you.
The gnoll hits you from afar with a +0 spear.
You die...

#.........#
#.........#
..J......+
###.........#
#... .......#
#...##......#
#...O......#
#.....l@...#
#...J.gg..<#
#....g..g..#
#.?....S...#
#..........#
#..........#
#..........#
#..........#
#...?......#


You could see an ogre, a gnoll shaman, an iguana, 3 gnolls, 2 endoplasms and a
ball python.

Vanquished Creatures
  3 dart slugs (D:1)
  4 ball pythons
  4 bats
  3 endoplasms
  2 giant cockroaches (D:1)
  4 goblins
  5 hobgoblins
  3 jackals (D:2)
  2 kobolds
  2 frilled lizards (D:1)
  5 rats
  2 bushes (D:1)
39 creatures vanquished.

Vanquished Creatures (others)
  5 plants (D:1)
5 creatures vanquished.

Grand Total: 44 creatures vanquished

Notes
Turn   | Place    | Note
-------+----------+-------------------------------------------
     0 | D:1      | psko the Spriggan Conjurer began the quest for the Orb.
     0 | D:1      | Reached XP level 1. HP: 9/9 MP: 5/5
  1188 | D:1      | Reached XP level 2. HP: 13/13 MP: 4/6
  1372 | D:1      | Found a faded altar of an unknown god.
  1375 | D:1      | Prayed at the altar of an unknown god.
  1375 | D:1      | Became a worshipper of Trog the Wrathful
  1375 | D:1      | Reached * piety under Trog
  2627 | D:1      | Reached XP level 3. HP: 16/16 MP: 8/8
  3184 | D:2      | Was placed under penance by Trog
  3462 | D:2      | Found a stormy altar of Qazlal.
  3472 | D:2      | Fell from the grace of Trog
  3472 | D:2      | Became a worshipper of Qazlal Stormbringer
  3515 | D:2      | Reached skill level 1 in Axes
  4392 | D:3      | You fall into a shaft and drop 1 floor!
  4396 | D:4      | Noticed an ogre
  4397 | D:4      | Slain by a gnoll

Illustrated notes

Levels and vault maps discovered:
D:1:      dpeg_arrival_chambers_temple_mockup, layout_basic,
          hellmonk_ecumenical_altar_defaced_shrine, serial_forest,
          infiniplex_forest_clump_long, infiniplex_forest_diagonal,
          infiniplex_forest_side_room, infiniplex_forest_lined_3,
          infiniplex_forest_end_double, infiniplex_forest_clump_double,
          infiniplex_forest_end_2
D:2:      layout_basic, basic_altar
D:3:      layout_loops_corners, dk_vineyard_1
D:4:      layout_basic, uniq_natasha, uniq_ijyb

Skill      XL: |  1  2  3 |
---------------+----------+-----
Conjurations   | 3 |  3.2
Dodging        | 3 |  3.2
Axes           | 1 |  1.0
Fighting       | |  0.1
Stealth        | |  3.9
Spellcasting   | |  2.9

Action                   || total
-------------------------++-------
Melee: Hand axe          ||   916
       Punch             ||    26
 Cast: Magic Dart        ||    17
  Use: Scroll            ||     5
 Stab: Sleeping          ||     6
Armor: Robe              ||    17
Dodge: Dodged            ||   122
